 Dungeon Crawl Stone Soup version 0.23.2 (webtiles) character file.

Game seed: 16587480657787401511

117 yojik the Cudgeler (level 4, -6/66 HPs)
             Began as a Troll Skald on Apr 8, 2019.
             Killed by nerve-wracking pain
             ... invoked by Grinder
              (11 damage)
             ... on level 3 of the Dungeon.
             The game lasted 00:07:08 (2263 turns).

yojik the Cudgeler (Troll Skald)                    Turns: 2263, Time: 00:07:09

Health: -6/66      AC:  6    Str: 24    XL:     4   Next: 71%
Magic:  2/4        EV: 10    Int: 10    God:
Gold:   140        SH:  0    Dex:  9    Spells: 1/5 levels left

rFire    . . .     SeeInvis .   a - +0 mace
rCold    . . .     Gourm    +   (no shield)
rNeg     . . .     Faith    .   b - +0 robe
rPois    .         Spirit   .   (helmet restricted)
rElec    .         Reflect  .   (no cloak)
rCorr    .         Harm     .   (gloves unavailable)
MR       .....                  (boots unavailable)
Stlth    ..........             (no amulet)
HPRegen  0.61/turn              (no ring)
MPRegen  0.09/turn              (no ring)

@: berserking, infused, very slightly contaminated, invisible, very quick
A: large, unfitting armour, claws 3, fast metabolism 3, gourmand, regeneration
1, shaggy fur 1, tough skin 3
a: no special abilities


You were on level 3 of the Dungeon.
You were very full.

You visited 1 branch of the dungeon, and saw 3 of its levels.

You collected 140 gold pieces.

Inventory:

Hand Weapons
 a - a +0 mace (weapon)
Armour
 b - a +0 robe (worn)
Jewellery
 m - an uncursed ring of protection from fire {unknown}
 q - an uncursed ring of ice {unknown}
Scrolls
 c - 2 scrolls of identify {unknown}
 f - 2 scrolls of remove curse {unknown}
 g - a scroll of fog {unknown}
 k - a scroll of teleportation {unknown}
 l - a scroll of amnesia {unknown}
 p - a scroll of fear {unknown}
Potions
 e - a potion of invisibility
 h - a potion of might {unknown}
 j - a potion of degeneration {unknown}
 n - a potion of curing {unknown}
 o - a potion of brilliance {unknown}
Comestibles
 d - 3 rations


   Skills:
 * Level 2.9 Fighting
 + Level 3.2 Maces & Flails
 - Level 1.9 Dodging
 - Level 1.2 Spellcasting
 - Level 2.0 Charms
 + Level 1.0 Necromancy


You had one spell level left.
You knew the following spells:

 Your Spells              Type           Power        Failure   Level  Hunger
a - Infusion              Chrm           #...         16%         1    ##.....
b - Regeneration          Chrm/Necr      #.........   47%         3    ####...

Your spell library contained the following spells:

 Spells                   Type           Power        Failure   Level  Hunger
 Song of Slaying          Chrm           #.......     22%         2    ###....
 Shroud of Golubria       Chrm/Tloc      #.........   34%         2    ###....
 Spectral Weapon          Hex/Chrm       #.......     56%         3    ####...


Dungeon Overview and Level Annotations

Branches:
Dungeon (3/15)

Altars:

Annotations:
D:3 Grinder


Innate Abilities, Weirdness & Mutations

You are too large for most types of armour.
You have claws for hands.
Your metabolism is lightning-fast.
You like to eat raw meat.
Your natural rate of healing is unusually fast.
You are covered in fur. (AC +1)
You have extremely tough skin. (AC +3)


Message History

You are very lightly contaminated with residual magic.
It was a potion of berserk rage.
A red film seems to cover your vision as you go berserk!
You feel yourself moving faster!
You feel mighty! Grinder hits you but does no damage.
You completely miss Grinder.
Grinder is heavily wounded.
Grinder gestures at you. You resist with significant effort.
You sock Grinder!
Grinder is severely wounded.
Grinder hits you.
* * * LOW HITPOINT WARNING * * *
You writhe in agony.
* * * LOW HITPOINT WARNING * * *
You hit Grinder.
Grinder is almost dead.
Grinder gestures at you. Pain shoots through your body!
You die...

#.##.# #.##.# ########.##.#
#<.......##.#
####################.##
#.............[.......# #####
#.#####################...$.#
#........(....[..5...........
#..#............@######......
#..#.###.......#.# .....
#..#.# #.###.###.# ....
#..#.# #.# #.# #.# ##.
...#.###.# #.# #.# .........#
#.. ..# ...#.######### ###
..............
####.###########


You could see Grinder.

Vanquished Creatures
  5 adders
  A worm (D:1)
  2 dart slugs
  A leopard gecko (D:3)
  2 orcs
  A ball python (D:2)
  6 bats
  8 hobgoblins
  8 jackals
  3 quokkas (D:2)
  5 frilled lizards
  9 goblins
  5 kobolds
  4 rats
60 creatures vanquished.

Notes
Turn   | Place    | Note
-------+----------+-------------------------------------------
     0 | D:1      | yojik the Troll Skald began the quest for the Orb.
     0 | D:1      | Reached XP level 1. HP: 19/19 MP: 1/1
    39 | D:1      | Reached skill level 2 in Maces & Flails
   196 | D:1      | Reached XP level 2. HP: 28/28 MP: 2/2
  1015 | D:1      | Reached XP level 3. HP: 12/35 MP: 3/3
  1194 | D:1      | Learned a level 3 spell: Regeneration
  1334 | D:2      | Reached skill level 3 in Maces & Flails
  1389 | D:2      | Reached XP level 4. HP: 44/44 MP: 4/4
  1580 | D:2      | Found a faded altar of an unknown god.
  1925 | D:2      | Reached skill level 1 in Necromancy
  2236 | D:3      | Noticed Grinder
  2263 | D:3      | Killed from afar by Grinder

Skill      XL: |  1  2  3  4 |
---------------+-------------+-----
Maces & Flails | 2 3 |  3.2
Fighting       | 2 |  2.9
Necromancy     | 1 |  1.0
Dodging        | |  1.9
Spellcasting   | |  1.2
Charms         | |  2.0

Action                   |  1- 3 |  4- 6 || total
-------------------------+-------+-------++-------
Melee: Mace              |   109 |   139 ||   248
 Cast: Infusion          |       |     2 ||     2
  Use: Potion            |       |     2 ||     2
  Eat: Chunk             |    19 |     7 ||    26
Armor: Robe              |    45 |    80 ||   125
Dodge: Dodged            |    67 |   110 ||   177
